 Dungeon Crawl Stone Soup version 0.31-a0-702-gf82c85558f (webtiles) character file.

Game seed: 11421065666990316764

5648 qw the Skirmisher (level 10, -13/64 HPs)
             Began as a Gargoyle Hunter on Sept 8, 2023.
             Was a Follower of Okawaru.
             Killed from afar by an acid dragon (27 damage)
             ... with a splash of acid
             ... on level 9 of the Dungeon.
             The game lasted 00:04:03 (7628 turns).

qw the Skirmisher (Gargoyle Hunter)                 Turns: 7628, Time: 00:04:04

Health: -13/64     AC: 17    Str: 21    XL:     10   Next: 74%
Magic:  11/13      EV: 17    Int: 10    God:    Okawaru [*.....]
Gold:   46         SH:  0    Dex: 17    Spells: 9/9 levels left

rFire   . . .        Y - +0 orcbow (chaos)
rCold   . . .        (shield currently unavailable)
rNeg    + . .        f - +3 leather armour
rPois   inf          (no helmet)
rElec   +            p - +0 cloak
rCorr   .            d - +1 pair of gloves
SInv    .            (no boots)
Will    .....        (no amulet)
Stlth   +++          h - +6 ring of strength
HPRegen 0.30/turn    (no ring)
MPRegen 0.13/turn

%: no passive effects
@: heroic
A: sickness immunity, AC +7, negative energy resistance 1, electricity
resistance, torment resistance 1, petrification resistance
a: Renounce Religion, Heroism


You were on level 9 of the Dungeon.
You worshipped Okawaru.
Okawaru was aware of your devotion.
You visited 2 branches of the dungeon, and saw 10 of its levels.

You collected 456 gold pieces.
You spent 410 gold pieces at shops.


Innate Abilities, Weirdness & Mutations

You are immune to sickness and miasma.
Your stone body is resilient. (AC +7)
You are immune to poison.
You resist negative energy. (rN+)
You are resistant to electric shocks. (rElec)
You are resistant to unholy torment.
You are immune to petrification.


   Skills:
 + Level 8.1(13.1) Fighting
 - Level 13.0(18.0) Ranged Weapons
 - Level 2.2(7.2) Armour
 - Level 4.2(9.2) Dodging
 - Level 1.1(6.1) Stealth
 - Level 4.0 Invocations


You had 9 spell levels left.
You didn't know any spells.
Your spell library was empty.

Inventory:

Hand Weapons
 Y - a +0 orcbow of chaos (weapon)
Armour
 d - a +1 pair of gloves (worn)
 f - a +3 leather armour (worn)
 i - the +2 ratskin cloak {*Rats rPois rN+ Str-1 Int-1 Dex+1}
   (You bought it in a shop on level 9 of the Dungeon)

   *Rats:     When the wearer is hurt, rats may emerge from it to assist them.
   Str-1:     It affects your strength (-1).
   Int-1:     It affects your intelligence (-1).
   Dex+1:     It affects your dexterity (+1).
   rPois:     It protects you from poison rN+: It protects you from negative
   energy.
 p - a +0 cloak (worn)
Jewellery
 h - a +6 ring of strength (left hand)
 n - a ring of fire
Scrolls
 b - 2 scrolls of identify
Potions
 a - a potion of mutation
 c - a potion of enlightenment
 e - 5 potions of curing
 g - a potion of attraction {unknown}
 k - a potion of might
 l - a potion of haste
 m - a potion of resistance

Dungeon Overview and Level Annotations

Branches:
Dungeon (9/15)             Temple (1/1) D:5             Orc (0/2) D:9
   Lair: D:8-11

Altars:
Ashenzari
Cheibriados
Elyvilon
Fedhas
Gozag
Hepliaklqana
Kikubaaqudgha
Makhleb
Nemelex Xobeh
Okawaru
Qazlal
Ru
Sif Muna
Trog
Uskayaw
Vehumet
Wu Jian
Yredelemnul
Zin

Shops:
D:1 :((([   D:6 [   D:9 [

Annotations:
D:9 1 transporter


Message History

7607 ||| FLEEEEING.
7608 ||| FLEEEEING.
7609 ||| STILL FLEEEEING.
7610 ||| STILL FLEEEEING.
Enter note:
7611 ||| STILL FLEEEEING.
7612 ||| STILL FLEEEEING.
7613 ||| STILL FLEEEEING.
7614 ||| STILL FLEEEEING.
7615 ||| STILL FLEEEEING.
7616 ||| STILL FLEEEEING.
7617 ||| STILL FLEEEEING.
You start resting.
An acid dragon is nearby!
You shoot an arrow.
The arrow closely misses the acid dragon.
You shoot an arrow.
The arrow completely misses the acid dragon.
The acid dragon spits acid at you. The splash of acid hits you!!
Ouch! That really hurt!
7624 ||| INVOKING Heroism.
You gain the combat prowess of a mighty hero.
You shoot an arrow.
The arrow closely misses the acid dragon.
The acid dragon bites you!
The acid dragon claws you but does no damage.
You shoot an arrow.
The arrow completely misses the acid dragon.
The acid dragon bites you but does no damage.
The acid dragon claws you but does no damage.
You shoot an arrow. The arrow hits the acid dragon!
The acid dragon is almost dead.
You shoot an arrow.
The arrow hits the acid dragon but does no damage.
You drain the acid dragon.
The acid dragon is almost dead.
The acid dragon spits acid at you. The splash of acid hits you!!
You die...

#......# #....###.........#.#.#
#......####.........'#'#####.#.#
#..........)...[##)#.#....<..#.#
#.........).>........#####.###.#
#.......##.#.#####.### #.....#
#.......##.#.# #.#############
#.......##.#.# #.#.......#
#......)##.#.#####'#.#####.#
#####.#)#......D@..........#
#......)......##..........[#
#........#.#..##...........######
#.........¤##.##...........#.....
#.......#.¤¤#.##..)..............
.........¤¤##..#.%).)....)##.....
.........###......##.#######.....
..............###.##.# #.....
....######...## #.##.# #####.


You could see an acid dragon (catching breath, drained).

Vanquished Creatures
  Psyche (D:8)
  A troll (D:9)
  Grinder (D:5)
  A polar bear (D:9)
  4 yaks (D:9)
  An unseen horror simulacrum (D:9)
  Eustachio (D:4)
  A wyvern (D:8)
  Menkaure (D:5)
  2 ice beasts
  A water moccasin (D:6)
  A black bear (D:4)
  3 sky beasts
  An ogre (D:6)
  A wolf (D:9)
  3 centaurs
  2 phantoms
  3 kobold brigands
  A bullfrog (D:8)
  2 gnoll sergeants
  3 scorpions
  18 wights
  4 killer bees (D:9)
  4 howler monkeys
  2 hounds (D:4)
  3 jellies
  A sleepcap (D:4)
  3 orc priests
  Ijyb (D:4)
  An iguana (D:5)
  5 orc wizards
  19 gnolls
  7 adders
  6 white imps
  A howler monkey simulacrum (D:9)
  An ufetubus (D:9)
  A worm (D:4)
  A dart slug (D:2)
  16 orcs
  10 ball pythons
  9 endoplasms
  4 giant cockroaches
  7 goblins
  4 hobgoblins
  2 jackals (D:5)
  4 quokkas
  3 bats
  2 frilled lizards
  27 kobolds
  7 rats
  A spectral kobold (D:6)
209 creatures vanquished.

Notes
Turn   | Place    | Note
-------+----------+-------------------------------------------
     0 | D:1      | qw the Gargoyle Hunter began the quest for the Orb.
     0 | D:1      | Reached XP level 1. HP: 12/12 MP: 1/1
     0 | D:1      | 0 ||| qw: Version: 0.3-a-76-g4403597
     0 | D:1      | 0 ||| qw: Game counter: 1084
     0 | D:1      | 0 ||| qw: Melee chars always use a shield: true
     0 | D:1      | 0 ||| qw: God list: Okawaru
     0 | D:1      | 0 ||| qw: Allow faded altars: false
     0 | D:1      | 0 ||| qw: Do Orc after clearing Dungeon:15 true
     0 | D:1      | 0 ||| qw: Do second Lair branch before Depths: true
     0 | D:1      | 0 ||| qw: Lair rune preference: random
     0 | D:1      | 0 ||| qw: Goals: Normal
     0 | D:1      | 0 ||| PLANNING D:1-11
    73 | D:1      | Found a faded altar of an unknown god.
   204 | D:1      | Reached XP level 2. HP: 17/17 MP: 2/2
   236 | D:1      | Found Pumejobi's Book Emporium.
   248 | D:1      | Found Ocasmiac's Weapon Emporium.
   314 | D:1      | Found Antoif's Weapon Shop.
   321 | D:1      | 321 ||| SHOPLISTING +2 arbalest of freezing (241 gold, have
                  | 25).
   416 | D:1      | Found Ugooroll's Armour Boutique.
   425 | D:1      | 425 ||| SHOPLISTING +0 leather armour of cold resistance
                  | (90 gold, have 33).
   425 | D:1      | 425 ||| SHOPLISTING +0 pair of gloves (45 gold, have 33).
   425 | D:1      | 425 ||| SHOPLISTING +3 leather armour (190 gold, have 33).
   453 | D:1      | Found Izoheupn's Antique Weapon Shop.
   457 | D:1      | 457 ||| SHOPLISTING polished longbow (333 gold, have 33).
   644 | D:1      | 644 ||| UPGRADING to +6 ring of strength.
   645 | D:1      | 645 ||| READING scroll labelled BORAIQ NIAGIUFE.
   646 | D:1      | 646 ||| READING scroll labelled ASKEHI RUGO.
   647 | D:1      | 647 ||| READING scroll labelled WOL LUISTIGOBB.
   648 | D:1      | 648 ||| READING scroll labelled DEORUM VOAR.
   649 | D:1      | 649 ||| DRINKING 2 brown potions.
   650 | D:1      | 650 ||| DROPPING scroll of butterflies.
   689 | D:2      | 689 ||| STAIRDANCE
   692 | D:1      | Reached XP level 3. HP: 19/21 MP: 3/3
   705 | D:2      | HP: 5/21 [kobold/+0 dagger (1)]
   709 | D:2      | Reached skill level 5 in Ranged Weapons
   710 | D:2      | 710 ||| STAIRDANCE
   923 | D:2      | Reached skill level 3 in Fighting
   932 | D:2      | Reached XP level 4. HP: 28/28 MP: 4/4
  1296 | D:2      | 1296 ||| UPGRADING to +0 ring mail.
  1306 | D:2      | 1306 ||| DROPPING +0 leather armour.
  1307 | D:2      | 1307 ||| READING scroll labelled IRIULE WOAXT.
  1308 | D:2      | 1308 ||| READING scroll labelled UQIEPA WEKO.
  1309 | D:2      | 1309 ||| READING scroll labelled VOBREA TEFO.
  1310 | D:2      | 1310 ||| DRINKING 2 ruby potions.
  1479 | D:3      | Noticed an angel
  1480 | D:3      | Found a glowing silver altar of Zin.
  1508 | D:3      | Reached skill level 1 in Armour
  1835 | D:3      | Reached XP level 5. HP: 32/32 MP: 5/5
  1842 | D:3      | Found a sparkling altar of Nemelex Xobeh.
  1955 | D:3      | 1955 ||| READING 2 scrolls of identify.
  1955 | D:3      | 1955 ||| IDENTIFYING lumpy black potion
  1989 | D:4      | Noticed Ijyb
  1991 | D:4      | Paralysed by Ijyb for 2 turns
  1994 | D:4      | Paralysed by Ijyb for 4 turns
  2007 | D:4      | Killed Ijyb
  2008 | D:4      | Reached skill level 6 in Ranged Weapons
  2129 | D:4      | Noticed Eustachio
  2131 | D:4      | 2131 ||| Stepping ~*~*~tactically~*~*~ (outnumbered).
  2133 | D:4      | 2133 ||| RETREATING.
  2135 | D:4      | Noticed a phantom
  2151 | D:4      | 2151 ||| Stepping ~*~*~tactically~*~*~ (retreating).
  2156 | D:4      | HP: 4/33 [Eustachio/puff of flame (7)]
  2157 | D:4      | 2157 ||| DRINKING potion of heal wounds.
  2163 | D:4      | 2163 ||| Stepping ~*~*~tactically~*~*~ (retreating).
  2164 | D:4      | 2164 ||| Stepping ~*~*~tactically~*~*~ (retreating).
  2165 | D:4      | 2165 ||| Stepping ~*~*~tactically~*~*~ (retreating).
  2166 | D:4      | 2166 ||| Stepping ~*~*~tactically~*~*~ (retreating).
  2167 | D:4      | 2167 ||| Stepping ~*~*~tactically~*~*~ (retreating).
  2175 | D:4      | Killed a phantom
  2176 | D:4      | Reached XP level 6. HP: 37/39 MP: 6/6
  2189 | D:4      | 2189 ||| Stepping ~*~*~tactically~*~*~ (outnumbered).
  2206 | D:4      | 2206 ||| Stepping ~*~*~tactically~*~*~ (retreating).
  2207 | D:4      | 2207 ||| Stepping ~*~*~tactically~*~*~ (retreating).
  2208 | D:4      | 2208 ||| Stepping ~*~*~tactically~*~*~ (retreating).
  2209 | D:4      | 2209 ||| Stepping ~*~*~tactically~*~*~ (retreating).
  2210 | D:4      | 2210 ||| Stepping ~*~*~tactically~*~*~ (retreating).
  2211 | D:4      | 2211 ||| Stepping ~*~*~tactically~*~*~ (retreating).
  2212 | D:4      | 2212 ||| Stepping ~*~*~tactically~*~*~ (retreating).
  2213 | D:4      | 2213 ||| Stepping ~*~*~tactically~*~*~ (retreating).
  2231 | D:4      | Killed Eustachio
  2278 | D:4      | Reached skill level 7 in Ranged Weapons
  2278 | D:4      | Reached XP level 7. HP: 44/44 MP: 7/7
  2472 | D:4      | Reached skill level 8 in Ranged Weapons
  2910 | D:4      | 2910 ||| UPGRADING to +3 leather armour.
  2920 | D:4      | 2920 ||| DROPPING +0 ring mail.
  2921 | D:4      | 2921 ||| READING scroll labelled LUINIG WUEWIKH.
  2922 | D:4      | 2922 ||| READING 2 scrolls of identify.
  2922 | D:4      | 2922 ||| IDENTIFYING fuming blue potion
  2931 | D:5      | Entered Level 5 of the Dungeon
  2942 | D:5      | 2942 ||| STAIRDANCE
  3068 | D:5      | 3068 ||| READING scroll of enchant weapon.
  3068 | D:5      | 3068 ||| ENCHANTING +1 shortbow.
  3108 | D:5      | Found a staircase to the Ecumenical Temple.
  3109 | D:5      | 3109 ||| PLANNING TEMPLE
  3109 | D:5      | 3109 ||| READING 2 scrolls labelled LIMNYXUOST.
  3122 | Temple   | Entered the Ecumenical Temple
  3123 | Temple   | 3123 ||| PLANNING OKAWARU WORSHIP
  3145 | Temple   | Became a worshipper of Warmaster Okawaru
  3146 | Temple   | 3146 ||| PLANNING D:1-11
  3194 | D:5      | 3194 ||| FLEEEEING.
  3199 | D:5      | 3199 ||| FLEEEEING.
  3200 | D:5      | 3200 ||| FLEEEEING.
  3223 | D:5      | Noticed Grinder
  3251 | D:5      | Killed Grinder
  3251 | D:5      | Reached * piety under Okawaru
  3252 | D:5      | Reached XP level 8. HP: 23/49 MP: 8/8
  3349 | D:5      | Noticed Menkaure
  3350 | D:5      | 3350 ||| INVOKING Heroism.
  3378 | D:5      | Killed Menkaure
  3379 | D:5      | Reached skill level 9 in Ranged Weapons
  3426 | D:5      | 3426 ||| STAIRDANCE
  3529 | D:5      | 3529 ||| INVOKING Heroism.
  3743 | D:6      | 3743 ||| STAIRDANCE
  3748 | D:6      | 3748 ||| STAIRDANCE
  3835 | D:6      | Found a bloodstained altar of Trog.
  3971 | D:6      | Reached skill level 6 in Fighting
  3971 | D:6      | Reached skill level 1 in Invocations
  4061 | D:6      | 4061 ||| INVOKING Heroism.
  4137 | D:6      | Reached skill level 3 in Invocations
  4265 | D:6      | Found Nuith's Armour Boutique.
  4368 | D:6      | Reached XP level 9. HP: 55/55 MP: 11/11
  4379 | D:6      | 4379 ||| INVOKING Heroism.
  4453 | D:6      | Found a hazy altar of Hepliaklqana.
  4454 | D:6      | 4454 ||| SWAPPING to +0 orcbow.
  4457 | D:6      | 4457 ||| DROPPING +2 shortbow.
  4680 | D:6      | 4680 ||| DRINKING 2 grey potions.
  4681 | D:6      | 4681 ||| READING 2 scrolls of identify.
  4681 | D:6      | 4681 ||| IDENTIFYING golden potion
  4682 | D:6      | 4682 ||| DROPPING potion of invisibility.
  4698 | D:7      | Identified the +9 sling of Bright Cruel Justice {drain,
                  | Contam Int+4 Stlth+}
  4704 | D:7      | Reached skill level 10 in Ranged Weapons
  4705 | D:7      | 4705 ||| Stepping ~*~*~tactically~*~*~ (outnumbered).
  4711 | D:7      | 4711 ||| Stepping ~*~*~tactically~*~*~ (outnumbered).
  4719 | D:7      | 4719 ||| INVOKING Heroism.
  4829 | D:7      | Found a burning altar of Makhleb.
  4836 | D:6      | 4836 ||| BUYING +0 pair of gloves (49 gold).
  4836 | D:6      | Bought a +0 pair of gloves for 49 gold pieces
  4836 | D:6      | 4836 ||| UPGRADING to +0 pair of gloves.
  4877 | D:7      | 4877 ||| INVOKING Heroism.
  4904 | D:7      | 4904 ||| Stepping ~*~*~tactically~*~*~ (outnumbered).
  4906 | D:7      | 4906 ||| Stepping ~*~*~tactically~*~*~ (outnumbered).
  4908 | D:7      | 4908 ||| Stepping ~*~*~tactically~*~*~ (outnumbered).
  4926 | D:7      | Found an opulent altar of Gozag.
  4927 | D:7      | Found an ornate altar of the Wu Jian Council.
  4959 | D:7      | Reached skill level 3 in Dodging
  5022 | D:7      | 5022 ||| FLEEEEING.
  5023 | D:7      | 5023 ||| FLEEEEING.
  5024 | D:7      | 5024 ||| FLEEEEING.
  5025 | D:7      | 5025 ||| FLEEEEING.
  5026 | D:7      | 5026 ||| FLEEEEING.
  5027 | D:7      | 5027 ||| FLEEEEING.
  5028 | D:7      | 5028 ||| FLEEEEING.
  5029 | D:7      | 5029 ||| STAIRDANCE
  5131 | D:6      | 5131 ||| DRINKING 2 green potions.
  5134 | D:7      | 5134 ||| STAIRDANCE
  5144 | D:6      | 5144 ||| INVOKING Heroism.
  5224 | D:7      | 5224 ||| STAIRDANCE
  5249 | D:7      | 5249 ||| STAIRDANCE
  5320 | D:7      | 5320 ||| STAIRDANCE
  5400 | D:7      | 5400 ||| INVOKING Heroism.
  5456 | D:7      | 5456 ||| Stepping ~*~*~tactically~*~*~ (outnumbered).
  5457 | D:7      | 5457 ||| Stepping ~*~*~tactically~*~*~ (outnumbered).
  5458 | D:7      | 5458 ||| Stepping ~*~*~tactically~*~*~ (outnumbered).
  5459 | D:7      | 5459 ||| Stepping ~*~*~tactically~*~*~ (outnumbered).
  5460 | D:7      | 5460 ||| Stepping ~*~*~tactically~*~*~ (outnumbered).
  5461 | D:7      | 5461 ||| Stepping ~*~*~tactically~*~*~ (outnumbered).
  5462 | D:7      | 5462 ||| Stepping ~*~*~tactically~*~*~ (outnumbered).
  5463 | D:7      | 5463 ||| Stepping ~*~*~tactically~*~*~ (outnumbered).
  5464 | D:7      | 5464 ||| Stepping ~*~*~tactically~*~*~ (outnumbered).
  5465 | D:7      | 5465 ||| Stepping ~*~*~tactically~*~*~ (outnumbered).
  5608 | D:7      | Found a blossoming altar of Fedhas.
  5811 | D:7      | 5811 ||| DRINKING 3 potions of curing.
  5811 | D:7      | 5811 ||| (to cure confusion)
  5838 | D:7      | 5838 ||| UPGRADING to +0 cloak.
  5843 | D:7      | 5843 ||| DRINKING 2 puce potions.
  5844 | D:7      | 5844 ||| READING 2 scrolls of identify.
  5844 | D:7      | 5844 ||| IDENTIFYING smoky coppery potion
  5845 | D:7      | 5845 ||| DROPPING potion of degeneration.
  5950 | D:8      | 5950 ||| RETREATING.
  5966 | D:8      | 5966 ||| INVOKING Heroism.
  6124 | D:8      | 6124 ||| INVOKING Heroism.
  6253 | D:8      | Noticed Psyche
  6255 | D:8      | 6255 ||| Stepping randomly (disturbance).
  6256 | D:8      | 6256 ||| Stepping randomly (disturbance).
  6257 | D:8      | 6257 ||| Stepping randomly (disturbance).
  6263 | D:8      | 6263 ||| Stepping randomly (disturbance).
  6264 | D:8      | 6264 ||| Stepping randomly (disturbance).
  6267 | D:8      | 6267 ||| DROPPING +6 ring of intelligence.
  6268 | D:8      | 6268 ||| READING scroll labelled FONKON SOUPLOXKIJ.
  6269 | D:8      | 6269 ||| READING 2 scrolls of identify.
  6269 | D:8      | 6269 ||| IDENTIFYING fizzy golden potion
  6275 | D:8      | 6275 ||| INVOKING Heroism.
  6276 | D:8      | 6276 ||| DROPPING potion of lignification.
  6279 | D:8      | 6279 ||| READING 5 scrolls of teleportation.
  6280 | D:8      | 6280 ||| FLEEEEING.
  6281 | D:8      | 6281 ||| FLEEEEING.
  6282 | D:8      | HP: 12/57 [something (7)]
  6283 | D:8      | 6283 ||| READING 4 scrolls of teleportation.
  6286 | D:8      | 6286 ||| FLEEEEING.
  6287 | D:8      | 6287 ||| FLEEEEING.
  6288 | D:8      | 6288 ||| READING 3 scrolls of teleportation.
  6290 | D:8      | 6290 ||| READING 2 scrolls of teleportation.
  6290 | D:8      | HP: 10/57 [wight/+1 flail (4)]
  6291 | D:8      | 6291 ||| Stepping ~*~*~tactically~*~*~ (retreating).
  6292 | D:8      | 6292 ||| READING scroll of teleportation.
  6294 | D:8      | Killed Psyche
  6295 | D:8      | Reached skill level 11 in Ranged Weapons
  6296 | D:8      | 6296 ||| INVOKING Heroism.
  6297 | D:8      | HP: 3/57 [centaur/arrow (7)]
  6313 | D:8      | 6313 ||| DRINKING 3 potions of curing.
  6313 | D:8      | 6313 ||| (to cure confusion)
  6319 | D:8      | 6319 ||| INVOKING Heroism.
  6320 | D:8      | 6320 ||| RETREATING.
  6335 | D:8      | Reached XP level 10. HP: 29/64 MP: 9/13
  6344 | D:8      | 6344 ||| INVOKING Heroism.
  6492 | D:8      | 6492 ||| FLEEEEING.
  6493 | D:8      | 6493 ||| FLEEEEING.
  6494 | D:8      | 6494 ||| FLEEEEING.
  6742 | D:8      | 6742 ||| DROPPING +0 pair of gloves of stealth.
  6743 | D:8      | 6743 ||| READING scroll labelled ZUINUO ACWYU.
  6784 | D:9      | 6784 ||| INVOKING Heroism.
  6794 | D:9      | Reached skill level 12 in Ranged Weapons
  6814 | D:9      | 6814 ||| Stepping ~*~*~tactically~*~*~ (retreating).
  6817 | D:9      | 6817 ||| Stepping ~*~*~tactically~*~*~ (retreating).
  6818 | D:9      | 6818 ||| Stepping ~*~*~tactically~*~*~ (retreating).
  6832 | D:9      | 6832 ||| INVOKING Heroism.
  6844 | D:9      | HP: 8/64 [yak (14)]
  6926 | D:9      | 6926 ||| INVOKING Heroism.
  7132 | D:9      | 7132 ||| READING scroll of enchant armour.
  7132 | D:9      | 7132 ||| ENCHANTING +0 pair of gloves.
  7185 | D:9      | 7185 ||| INVOKING Heroism.
  7188 | D:9      | 7188 ||| RETREATING.
  7201 | D:9      | 7201 ||| Stepping ~*~*~tactically~*~*~ (outnumbered).
  7229 | D:9      | 7229 ||| Stepping ~*~*~tactically~*~*~ (outnumbered).
  7232 | D:9      | 7232 ||| Stepping ~*~*~tactically~*~*~ (outnumbered).
  7329 | D:9      | Found a staircase to the Orcish Mines.
  7352 | D:9      | 7352 ||| INVOKING Heroism.
  7371 | D:9      | Reached skill level 13 in Ranged Weapons
  7551 | D:9      | Found Duynimal's Armour Emporium.
  7554 | D:9      | 7554 ||| BUYING +2 ratskin cloak {*Rats rPois rN+ Str-1
                  | Int-1 Dex+1} (361 gold).
  7554 | D:9      | Bought the +2 ratskin cloak {*Rats rPois rN+ Str-1 Int-1
                  | Dex+1} for 361 gold pieces
  7554 | D:9      | Found the +2 ratskin cloak {*Rats rPois rN+ Str-1 Int-1
                  | Dex+1}
  7604 | D:9      | Found a transporter.
  7605 | D:9      | Noticed a manticore
  7607 | D:9      | 7607 ||| FLEEEEING.
  7607 | D:9      | Noticed a centaur warrior
  7608 | D:9      | 7608 ||| FLEEEEING.
  7624 | D:9      | 7624 ||| INVOKING Heroism.
  7625 | D:9      | HP: 13/64 [acid dragon (8)]
  7628 | D:9      | Killed from afar by an acid dragon

Levels and vault maps discovered:
D:1:      matt_arrival_diagonals, layout_loops_ring, serial_shops, shop, shop,
          shop, shop, shop, shapermc_ecumenical_altar_totnotflames
D:2:      layout_rooms, dk_noncrumbling_2, grunt_ministairs_2,
          skrybe_limestone_x
D:3:      layout_basic, zin_angel, nemelex_dance_club_becter
D:4:      wad_pebble_path, layout_gridville, minmay_three_crescents, uniq_ijyb,
          uniq_eustachio
D:5:      layout_basic, minmay_temple_entry_arrows, uniq_menkaure, uniq_grinder
D:6:      layout_loops_ring, mainiacjoe_overflow_cross_hatched,
          nicolae_hepliaklqana_monster_ancestors, nicolae_take_the_stairs
D:7:      layout_rooms, fedhas_altar_fruit_tree, overflow_temple_1_default,
          nicolae_overflow_squiral, minivault_5
D:8:      layout_rooms, kennysheep_generic_room_6, uniq_psyche
D:9:      layout_basic, gammafunk_temple_overflow_arena,
          overflow_temple_1_default, orc_0_dummy, serial_ice, serial_ice_i,
          serial_ice_g, serial_ice_d, serial_ice_b, serial_shops,
          nicolae_shop_behind_doors, nicolae_kite_square_tiling_tiny
Temple:   bh_familiar_temple

Skill      XL: |  1  2  3  4  5  6  7  8  9 10 |
---------------+-------------------------------+-----
Ranged Weapons | 5 6 7 8 9 11 13 | 13.0
Fighting       | 3 4 5 6 7 8 |  8.1
Armour         | 1 2 |  2.2
Dodging        | 2 3 4 |  4.2
Invocations    | 3 4 |  4.0
Stealth        | |  1.1

Action                     |  1- 3 |  4- 6 |  7- 9 | 10-12 || total
---------------------------+-------+-------+-------+-------++-------
  Melee: Unarmed           |       |       |     2 |       ||     2
   Fire: Shortbow          |    77 |   183 |   248 |       ||   508
         Orcbow            |       |       |   235 |   189 ||   424
 Invoke: Heroism           |       |       |    13 |     7 ||    20
    Use: Scroll            |     4 |     4 |    13 |     2 ||    23
         Potion            |     1 |     2 |     5 |       ||     8
 Armour: Leather armour    |    17 |     4 |   139 |   124 ||   284
         Ring mail         |       |   111 |    47 |       ||   158
         Skin              |       |       |    18 |       ||    18
  Dodge: Dodged            |    37 |   105 |   240 |   194 ||   576

Table legend:
 A = Non-vault XP
 B = Vault XP
 C = Vault XP percentage of total XP
 D = Non-vault monster count
 E = Vault monster count
 F = Vault count percentage of total count
                 A         B        C        D         E       F
            +---------+---------+-------+---------+---------+-------
      Total |    6008 |    2061 |  25.5 |     182 |      27 |  12.9
            +---------+---------+-------+---------+---------+-------
        D:1 |      34 |       0 |   0.0 |      21 |       0 |   0.0
        D:2 |      88 |       3 |   3.3 |      22 |       2 |   8.3
        D:3 |      39 |       5 |  11.4 |       9 |       2 |  18.2
        D:4 |     455 |     396 |  46.5 |      19 |       8 |  29.6
        D:5 |     177 |     450 |  71.8 |      12 |       2 |  14.3
        D:6 |    1225 |       3 |   0.2 |      27 |       2 |   6.9
        D:7 |     616 |       0 |   0.0 |      27 |       0 |   0.0
        D:8 |    1429 |     440 |  23.5 |      23 |       2 |   8.0
        D:9 |    1945 |     764 |  28.2 |      22 |       9 |  29.0
            +---------+---------+-------+---------+---------+-------
